 Dungeon Sprint DCSS version 0.21-a0-94-gdd6ab6a (webtiles) character file.

59587 poirepourri the Hoplite (level 15, -38/136 HPs)
             Began as a Formicid Fighter on July 2, 2017.
             Was the Champion of Cheibriados.
             Killed from afar by a hellephant (51 damage)
             ... with a blast of flame
             ... in the Dungeon (Sprint VII: "The Pits").
             The game lasted 00:17:06 (8775 turns).

poirepourri the Hoplite (Formicid Fighter)          Turns: 8775, Time: 00:17:07

Health: -38/136    AC: 23    Str: 41    XL:     15   Next: 34%
Magic:  9/27       EV: 21    Int: 26    God:    Cheibriados [******]
Gold:   15         SH: 23    Dex: 30    Spells: 14/14 levels left

rFire    . . .     SeeInvis +   r - +6 quarterstaff
rCold    . . .     Gourm    .   c - +2 shield
rNeg     . . .     Faith    +   H - +5 plate armour
rPois    .         Spirit   .   (helmet unavailable)
rElec    .         Reflect  .   (no cloak)
rCorr    .         Harm     .   (no gloves)
MR       +....                  (no boots)
Stlth    ..........             l - amulet of Tiasec {Faith Str+4}
HPRegen  0.32/turn              t - +3 ring of evasion
MPRegen  0.20/turn              s - +3 ring of intelligence

@: very slow
A: permanent stasis, dig shafts and tunnels, four strong arms, antennae 3
a: Dig, Bend Time, Temporal Distortion, Slouch, Step From Time, Renounce
Religion


You were in the Dungeon.
You worshipped Cheibriados.
Cheibriados was exalted by your worship.
You were full.

You visited 1 branch You collected 15 gold pieces.

Inventory:

Hand Weapons
 a - a +0 quarterstaff
 r - a +6 quarterstaff (weapon)
 y - a +2 vampiric glaive
Armour
 b - +3 shadow dragon scales
 c - a +2 shield (worn)
 v - a +3 plate armour
 x - the +2 cloak of the Thief {+Fog Slay-2 SInv Stlth+}
   (You found it in the Dungeon)

   It affects your accuracy and damage with ranged weapons and melee attacks
   (-2).
   It lets you see invisible.
   It makes you more stealthy.
 G - a +1 large shield
 H - a +5 plate armour (worn)
Jewellery
 i - an uncursed ring of stealth
 l - the amulet of Tiasec (around neck) {Faith Str+4}
   (You found it in the Dungeon)

   [amulet of faith]

   It allows you to gain divine favour quickly.
   It affects your strength (+4).
 s - a +3 ring of intelligence (right hand)
 t - a +3 ring of evasion (left hand)
 D - a +2 amulet of reflection
 E - an uncursed ring of protection from cold
Scrolls
 k - 4 scrolls of blinking
 m - 4 scrolls of remove curse
 n - 5 scrolls of amnesia
 o - a scroll of summoning
 w - a scroll of fear
 A - a scroll of fog
 B - a scroll of recharging
 C - 2 scrolls of identify
Potions
 d - a potion of flight
 e - 6 potions of curing
 h - a potion of haste
 j - 7 potions of berserk rage
 u - 2 potions of agility
 z - a potion of resistance
Comestibles
 f - 8 bread rations
 g - 7 royal jellies
 p - 38 fruits
 q - 5 meat rations


   Skills:
 + Level 18.1 Fighting
 + Level 17.1 Staves
 + Level 18.7 Armour
 * Level 9.2 Dodging
 + Level 24.5 Shields
 + Level 17.2 Invocations


You had 14 spell levels left.
You didn't know any spells.

Dungeon Overview and Level Annotations

Branches:
Dungeon (1/1)

Altars:
Ashenzari
Cheibriados
Dithmenos
Elyvilon
Fedhas
Gozag
Hepliaklqana
Kikubaaqudgha
Makhleb
Nemelex Xobeh
Okawaru
Qazlal
Ru
Sif Muna
Trog
Uskayaw
Vehumet
Wu Jian
Xom
Yredelemnul
Zin
The Shining One
Beogh
Jiyva
Lugonu


Innate Abilities, Weirdness & Mutations

You cannot be hasted, slowed, berserked, paralysed or teleported.
You can dig through walls and to a lower floor.
Your four strong arms can wield two-handed weapons with a shield.
You have a pair of large antennae on your head. (SInv)


Message History

You can feel time thicken for a moment.
You kill the blizzard demon!
Cheibriados appreciates the change of pace.
You feel somewhat less full. The hellephant breathes flames at you.
The blast of flame hits you!
Ouch! That really hurt!
* * * LOW HITPOINT WARNING * * *
The hellephant breathes flames at you. The blast of flame hits you!
* * * LOW HITPOINT WARNING * * *
The hellephant tramples you but does no damage.
You block the hellephant's attack. x2
You see here a trident.
You sock the hellephant!
The hellephant is heavily wounded.
You feel better. The hellephant breathes flames at you.
The blast of flame hits you!
You die...

,,****,,**,,****,,,,,,,,****,,**,
***..,,,,*,{,{{****++****,{,{{**,
,u,{.,**,*{,{,{{,,,{{,,,,{,,{{***
,..##.,,{*,{,,,,,,,**,,,{,{,{{* *
D,..2Y##,*{,{,,,,,,{{,,,,,{{{{*
***,....,*,,,{{####++####{{{,,*##
,,***#..##,{####........####,,*#.
,,<<<*#..####......##......#####.
,,<<<<*#..'.....@Y............''.
,<<<<<<#..'.....).............''.
*******#########################.
*********#######################(
*,{{{{{{*#..[...).............''.
*,{{{{{{*#....................((.
*,{{{{{{*#..#######)########..##.
*,,,{{{{*#..##.#.#)#)#.#.#.#.[##.
*{{{{{{{*#..#.#.#.#.#)#.#.##..##.


You could see a hellephant.

Vanquished Creatures
  A bone dragon (D)
  3 nagarajas (D)
  A daeva (D)
  A ghost moth (D)
  2 orc warlords (D)
  2 vampire knights (D)
  A stone giant (D)
  A white draconian (D)
  A deep elf death mage (D)
  An eidolon (D)
  A blizzard demon (D)
  2 yaktaur captains (D)
  2 great orbs of eyes (D)
  4 hydras (D)
  2 naga warriors (D)
  A centaur warrior (D)
  A two-headed ogre (D)
  A merfolk avatar (D)
  An anaconda (D)
  A death yak (D)
  An alligator (D)
  8 hell hogs (D)
  A deep elf knight (D)
  2 fire crabs (D)
  A sun demon (D)
  2 skeletal warriors (D)
  A flayed ghost (D)
  A swamp dragon (D)
  2 deep trolls (D)
  A deep elf mage (D)
  16 orc knights (D)
  A manticore (D)
  4 elephants (D)
  A naga mage (D)
  2 smoke demons (D)
  A rime drake (D)
  A demonic crawler (D)
  2 freezing wraiths (D)
  A komodo dragon (D)
  4 yaktaurs (D)
  2 efreet (D)
  An ice devil (D)
  A troll (D)
  A jumping spider (D)
  3 blink frogs (D)
  A polar bear (D)
  A small abomination (D)
  2 bog bodies (D)
  A hippogriff (D)
  6 dream sheep (D)
  5 redbacks (D)
  A ynoxinul (D)
  Sigmund (D)
  2 water elementals (D)
  A flying skull (D)
  An air elemental (D)
  A tarantella (D)
  6 yaks (D)
  A fire elemental (D)
  A fire bat (D)
  A basilisk (D)
  2 wargs (D)
  2 nagas (D)
  A porcupine (D)
  2 floating eyes (D)
  3 orc warriors (D)
  3 eyes of draining (D)
  An ice beast (D)
  A necrophage (D)
  An ogre (D)
  A big kobold (D)
  2 scorpions (D)
  5 orc priests (D)
  7 orc wizards (D)
  2 hell rats (D)
  A gnoll (D)
  An ufetubus (D)
  An adder zombie (D)
  A worm (D)
  4 leopard geckos (D)
  7 orcs (D)
  2 ball pythons (D)
  A bat zombie (D)
  A giant cockroach (D)
  A goblin (D)
  A frilled lizard (D)
  A giant cockroach zombie (D)
  A rat (D)
179 creatures vanquished.

Vanquished Creatures (others)
  A hydra (D)
  A dream sheep (D)
  A goblin (D)
3 creatures vanquished.

Grand Total: 182 creatures vanquished

Notes
Turn   | Place    | Note
-------+----------+-------------------------------------------
     0 | D        | poirepourri the Formicid Fighter began the quest for the Orb.
     0 | D        | Reached XP level 1. HP: 18/18 MP: 1/1
    71 | D        | Found a bloodstained altar of Trog.
    71 | D        | Found a deep blue altar of Sif Muna.
    71 | D        | Found a viscous altar of Jiyva.
    71 | D        | Found a hazy altar of Hepliaklqana.
    71 | D        | Found an opulent altar of Gozag.
   101 | D        | Found a glowing golden altar of the Shining One.
   101 | D        | Found a glowing silver altar of Zin.
   101 | D        | Found a basalt altar of Yredelemnul.
   101 | D        | Found a shimmering altar of Xom.
   101 | D        | Found an ornate altar of the Wu Jian Council.
   101 | D        | Found a sacrificial altar of Ru.
   101 | D        | Found a stormy altar of Qazlal.
   101 | D        | Found an iron altar of Okawaru.
   101 | D        | Found a sparkling altar of Nemelex Xobeh.
   101 | D        | Found a burning altar of Makhleb.
   101 | D        | Found a blossoming altar of Fedhas.
   101 | D        | Found a white marble altar of Elyvilon.
   101 | D        | Found a shadowy altar of Dithmenos.
   101 | D        | Found a snail-covered altar of Cheibriados.
   105 | D        | Found a roughly hewn altar of Beogh.
   105 | D        | Found a corrupted altar of Lugonu.
   105 | D        | Found a radiant altar of Vehumet.
   106 | D        | Found a shattered altar of Ashenzari.
   106 | D        | Found an ancient bone altar of Kikubaaqudgha.
   106 | D        | Found a hide-covered altar of Uskayaw.
   112 | D        | Became a worshipper of Cheibriados the Contemplative
   131 | D        | Reached skill level 4 in Shields
   134 | D        | Noticed a floating eye
   137 | D        | Reached * piety under Cheibriados
   139 | D        | Killed a floating eye
   139 | D        | Reached skill level 6 in Shields
   139 | D        | Reached XP level 2. HP: 28/28 MP: 2/2
   139 | D        | Reached XP level 3. HP: 34/34 MP: 3/3
   139 | D        | Reached XP level 4. HP: 40/40 MP: 4/4
   139 | D        | Reached XP level 5. HP: 46/46 MP: 5/5
   218 | D        | Noticed a floating eye
   226 | D        | Killed a floating eye
   226 | D        | Reached skill level 5 in Staves
   226 | D        | Reached skill level 7 in Shields
   226 | D        | Reached XP level 6. HP: 55/55 MP: 6/6
   229 | D        | Reached ** piety under Cheibriados
   245 | D        | Reached *** piety under Cheibriados
   338 | D        | Noticed Sigmund
   339 | D        | Noticed a porcupine
   344 | D        | Reached skill level 8 in Shields
   349 | D        | Killed a porcupine
   349 | D        | Reached XP level 7. HP: 52/63 MP: 7/7
   350 | D        | Reached **** piety under Cheibriados
   354 | D        | Killed Sigmund
   354 | D        | Reached skill level 9 in Shields
   361 | D        | Reached ***** piety under Cheibriados
   382 | D        | Noticed a flying skull
   386 | D        | Killed a flying skull
   386 | D        | Reached skill level 10 in Armour
   386 | D        | Reached XP level 8. HP: 51/71 MP: 8/8
   506 | D        | Noticed a yak
   512 | D        | Killed a yak
   512 | D        | Reached skill level 10 in Shields
   596 | D        | Reached ****** piety under Cheibriados
   596 | D        | Reached skill level 10 in Staves
   615 | D        | Noticed a smoke demon
   615 | D        | Noticed a deep troll
   622 | D        | Killed a deep troll
   622 | D        | Reached skill level 10 in Fighting
   622 | D        | Reached skill level 1 in Dodging
   622 | D        | Reached XP level 9. HP: 59/78 MP: 9/9
   627 | D        | Killed a smoke demon
   627 | D        | Reached skill level 11 in Shields
   772 | D        | Noticed an ice devil
   775 | D        | Noticed an orc knight
   795 | D        | Killed an orc knight
   797 | D        | Reached skill level 12 in Shields
   805 | D        | Killed an ice devil
   931 | D        | Noticed a bog body
   946 | D        | Reached XP level 10. HP: 61/87 MP: 10/10
   951 | D        | Reached skill level 13 in Shields
   951 | D        | Reached skill level 1 in Invocations
  1221 | D        | Noticed an eight-headed hydra
  1221 | D        | Noticed an orc knight
  1239 | D        | Killed an orc knight
  1248 | D        | Killed an eight-headed hydra
  1248 | D        | Reached skill level 14 in Shields
  1585 | D        | Noticed a freezing wraith
  1590 | D        | Reached XP level 11. HP: 96/96 MP: 13/13
  1613 | D        | HP: 1/96 [orc priest/divine providence (13)]
  1948 | D        | Noticed a two-headed ogre
  1948 | D        | Noticed a manticore
  1953 | D        | Killed a two-headed ogre
  1963 | D        | Reached skill level 15 in Shields
  1970 | D        | Killed a manticore
  1972 | D        | Noticed a four-headed hydra
  1980 | D        | Killed a four-headed hydra
  2356 | D        | Reached skill level 16 in Shields
  2356 | D        | Reached skill level 5 in Invocations
  2519 | D        | Noticed a fire crab
  2537 | D        | Killed a fire crab
  2808 | D        | Reached skill level 15 in Staves
  2808 | D        | Reached skill level 17 in Shields
  2809 | D        | Reached XP level 12. HP: 105/106 MP: 5/17
  2894 | D        | Noticed a flayed ghost
  2908 | D        | Killed a flayed ghost
  3408 | D        | Noticed a nagaraja
  3408 | D        | Noticed a death yak
  3413 | D        | Killed a death yak
  3413 | D        | Reached skill level 18 in Shields
  3436 | D        | Killed a nagaraja
  3465 | D        | HP: 5/107 [poisoned by a nagaraja (bolt of poison)]
  3472 | D        | HP: 5/107 [poisoned by a nagaraja (bolt of poison)]
  3920 | D        | Noticed a great orb of eyes
  3934 | D        | Killed a great orb of eyes
  3934 | D        | Reached skill level 15 in Armour
  4001 | D        | Noticed an eidolon
  4002 | D        | Noticed a deep troll
  4007 | D        | Killed an eidolon
  4012 | D        | Killed a deep troll
  4012 | D        | Reached skill level 19 in Shields
  4298 | D        | Noticed a merfolk avatar
  4298 | D        | Noticed a daeva
  4298 | D        | Noticed a hell hog
  4298 | D        | Noticed a hell hog
  4299 | D        | Noticed a ghost moth
  4306 | D        | Killed a ghost moth
  4306 | D        | Reached skill level 10 in Invocations
  4314 | D        | Noticed a hell hog
  4316 | D        | Noticed a vampire knight
  4316 | D        | Noticed a hell hog
  4316 | D        | Noticed a five-headed hydra
  4316 | D        | Reached XP level 13. HP: 79/114 MP: 20/20
  4317 | D        | Reached skill level 15 in Fighting
  4318 | D        | Noticed a centaur warrior
  4319 | D        | Killed a merfolk avatar
  4319 | D        | Reached skill level 20 in Shields
  4319 | D        | Killed a centaur warrior
  4319 | D        | Killed a five-headed hydra
  4322 | D        | Killed a vampire knight
  4323 | D        | Noticed a six-headed hydra
  4329 | D        | Killed a daeva
  4330 | D        | HP: 2/117 [hell hog/fireball (34)]
  4332 | D        | Killed a six-headed hydra
  4341 | D        | HP: 1/117 [hell hog/fireball (31)]
  4344 | D        | Reached skill level 21 in Shields
  4348 | D        | Noticed a six-headed hydra
  4368 | D        | Killed a six-headed hydra
  4741 | D        | Reached XP level 14. HP: 118/125 MP: 24/24
  4755 | D        | Got the amulet of Tiasec {Faith Str+4}
  4899 | D        | Noticed a stone giant
  4899 | D        | Noticed a nagaraja
  4929 | D        | Killed a nagaraja
  4935 | D        | Killed a stone giant
  4935 | D        | Reached skill level 22 in Shields
  4935 | D        | Reached skill level 15 in Invocations
  5343 | D        | Noticed a vampire knight
  5361 | D        | HP: 6/126 [vampire knight/great mace (8)]
  5364 | D        | Killed a vampire knight
  6023 | D        | Noticed an orc warlord
  6023 | D        | Noticed an orc warlord
  6286 | D        | Killed an orc warlord
  6286 | D        | Reached skill level 5 in Dodging
  6613 | D        | Killed an orc warlord
  6686 | D        | Reached skill level 23 in Shields
  7379 | D        | Noticed a bone dragon
  7402 | D        | Killed a bone dragon
  7402 | D        | Reached skill level 24 in Shields
  7402 | D        | Reached XP level 15. HP: 69/136 MP: 27/27
  8382 | D        | Noticed a nagaraja
  8406 | D        | Killed a nagaraja
  8758 | D        | Noticed a hellephant
  8773 | D        | HP: 3/136 [hellephant/blast of flame (6)]
  8775 | D        | Killed from afar by a hellephant

Vault maps used:
D:        pitsprint

Skill      XL: |  1  2  3  4  5  6  7  8  9 10 11 12 13 14 15 |
---------------+----------------------------------------------+-----
Shields        | 6 7 8 9 10 12 14 17 19 21 24 | 24.5
Fighting       | 6 7 8 9 10 11 12 13 14 16 17 18 | 18.1
Staves         | 3 5 6 9 11 13 14 15 16 17 | 17.1
Armour         | 6 7 8 10 11 12 13 15 17 18 | 18.7
Dodging        | 1 2 3 4 8 9 |  9.2
Invocations    | 3 7 10 13 16 17 | 17.2

Action                   |  1- 3 |  4- 6 |  7- 9 | 10-12 | 13-15 || total
-------------------------+-------+-------+-------+-------+-------++-------
Melee: Quarterstaff      |     7 |    27 |    81 |   271 |   300 ||   686
Invok: Slouch            |       |       |       |    12 |    29 ||    41
 Abil: Dig               |       |       |       |     6 |       ||     6
  Use: Potion            |       |       |       |    16 |    15 ||    31
       Scroll            |       |       |       |     6 |     2 ||     8
 Stab: Invisible         |       |       |       |       |     5 ||     5
  Eat: Bread ration      |       |       |       |     1 |     1 ||     2
       Fruit             |       |       |       |     2 |       ||     2
       Meat ration       |       |       |       |     1 |     1 ||     2
Armor: Scale mail        |     1 |     6 |    11 |       |       ||    18
       Plate armour      |       |       |    31 |    95 |    82 ||   208
Dodge: Dodged            |     1 |     4 |    30 |   154 |   113 ||   302
Block: Shield            |     2 |    16 |    58 |   289 |   362 ||   727
